 Dungeon Crawl Stone Soup version 0.22-a0-353-g2d6336e718 (webtiles) character file.

624457 Kriby the Slayer (level 27, -4/244 HPs)
             Began as a Mummy Fighter on Apr 14, 2018.
             Was a High Priest of Okawaru.
             Killed from afar by an orb of fire (16 damage)
             ... with a bolt of fire
             ... on level 5 of the Realm of Zot on Apr 15, 2018.
             The game lasted 03:21:22 (89007 turns).

Kriby the Slayer (Mummy Fighter)                   Turns: 89007, Time: 03:21:23

Health: -4/244     AC: 43    Str: 22 (23) XL:     27
Magic:  0/35       EV: 19    Int: 12      God:    Okawaru [*****.]
Gold:   7740       SH: 18    Dex: 21 (23) Spells: 42/42 levels left

rFire    + . .     SeeInvis +   w - +2 broad axe (chop)
rCold    + + +     Gourm    .   n - +1 shield {AC+3}
rNeg     + + +     Faith    .   T - +3 gold dragon scales
rPois    ∞         Spirit   +   B - +2 helmet of Wennasox {Int-5 Slay+5}
rElec    +         Reflect  .   I - scarf {Spirit}
rCorr    .         Harm     .   p - +2 pair of gloves {Dex+3}
MR       +++..                  K - +2 pair of boots {run}
Stlth    ..........             N - amulet of regeneration
HPRegen  0.90/turn              g - ring of Bodily Harmony {rElec rF+ rC+}
MPRegen  0.24/turn              Y - ring "Zotocito" {Str+3 Dex+6 SInv}

@: heroism, finesse, studying Stealth, quick
A: no food or potions, fire vulnerability, cold resistance 1, negative energy
resistance 3, torment resistance, unbreathing, in touch with death 2
}: 3/15 runes: decaying, slimy, gossamer
a: Heroism, Finesse, Renounce Religion


You were on level 5 of the Realm of Zot.
You worshipped Okawaru.
Okawaru was extremely pleased with you.
You were not hungry.

You visited 12 branches of the dungeon, and saw 57 of its levels.
You also visited: Labyrinth, Trove, Ossuary, Bailey and Wizlab.

You collected 8250 gold pieces.
You spent 510 gold pieces at shops.

Inventory:

Hand Weapons
 a - a +6 broad axe of protection
 b - a +2 lajatang of pain
 e - a +4 trident
 s - the +9 sword of Zonguldrok {reap}
   (You found it in a wizard's laboratory)

   If a monster killed with it leaves a corpse in good enough shape, the corpse
   will be animated as a zombie friendly to the killer.
 w - a +2 broad axe of chopping (weapon)
Missiles
 m - 16 javelins of penetration (quivered)
 G - 6 javelins of returning
Armour
 f - the +2 hat "Limpuaro" {rC+ rCorr}
   (Okawaru gifted it to you on level 2 of the Lair of Beasts)

   It protects you from cold.
   It protects you from acid and corrosion.
 n - a +1 shield of protection (worn)
 p - a +2 pair of gloves of dexterity (worn)
 r - a +2 large shield of protection
 B - the +2 helmet of Wennasox (worn) {Int-5 Slay+5}
   (Okawaru gifted it to you on level 1 of the Orcish Mines)

   It affects your intelligence (-5).
   It affects your accuracy and damage with ranged weapons and melee attacks
   (+5).
 C - a +2 cloak of invisibility
 D - the +2 cloak "Moufomel" {+Fly Str+4}
   (Okawaru gifted it to you in a bailey)

   It affects your strength (+4).
   It lets you fly.
 E - a +1 buckler of reflection
 I - a scarf of spirit shield (worn)
 K - a +2 pair of boots of running (worn)
 L - a scarf of repulsion
 O - a +1 helmet of intelligence
 T - +3 gold dragon scales (worn)
Jewellery
 g - the ring of Bodily Harmony (left hand) {rElec rF+ rC+}
   (You took it off a deep elf blademaster on level 3 of the Elven Halls)

   [ring of protection from cold]

   It protects you from fire.
   It protects you from cold.
   It insulates you from electricity.
 N - an amulet of regeneration (around neck)
 S - an uncursed ring of protection from magic
 V - the ring "Rexaneylou" {EV+3 Int+2 SInv}
   (You found it on level 14 of the Dungeon)

   [ring of evasion]

   It affects your evasion (+3).
   It affects your intelligence (+2).
   It lets you see invisible.
 Y - the ring "Zotocito" (right hand) {Str+3 Dex+6 SInv}
   (You took it off a deep elf blademaster on level 3 of the Elven Halls)

   [ring of strength]

   It affects your strength (+3).
   It affects your dexterity (+6).
   It lets you see invisible.
 Z - the ring of Wishful Thinking {rPois MR+ Str-5 SInv Stlth+}
   (You took it off a centaur warrior on level 15 of the Dungeon)

   [ring of protection from magic]

   It affects your strength (-5).
   It protects you from poison.
   It affects your resistance to hostile enchantments.
   It lets you see invisible.
   It makes you more stealthy.
Wands
 i - a wand of acid (13)
 l - a wand of flame (25)
 t - a wand of scattershot (5)
 x - a wand of paralysis (44)
 y - a wand of iceblast (47)
 W - a wand of digging (30)
Scrolls
 c - 3 scrolls of summoning
 d - 4 scrolls of magic mapping
 h - 9 scrolls of identify
 j - 2 scrolls of holy word
 k - 11 scrolls of amnesia
 o - 3 scrolls of silence
 q - 5 scrolls of fog
 u - 6 scrolls of immolation
 v - 4 scrolls of fear
 H - 2 scrolls of blinking
 M - a scroll of teleportation
 Q - 8 scrolls of enchant weapon
 R - 19 scrolls of remove curse
Books
 z - a manual of Stealth
Miscellaneous
 A - a phantom mirror
 F - a phial of floods
 J - a lamp of fire
 P - a sack of spiders
 X - a lightning rod (4/4)


   Skills:
 + Level 25.8(27) Fighting
 - Level 18.0(23.0) Axes
 + Level 19.0(24.0) Armour
 + Level 18.3(23.3) Dodging
 - Level 15.0(20.0) Shields
 - Level 8.0 Spellcasting
 - Level 8.0 Invocations


You had 42 spell levels left.
You didn't know any spells.

Dungeon Overview and Level Annotations

Branches:
Dungeon (15/15)            Temple (1/1) D:5            Lair (6/6) D:8
  Swamp (4/4) Lair:3       Spider (4/4) Lair:3        Slime (5/5) Lair:5
    Orc (2/2) D:10            Elf (3/3) Orc:2        Vaults (4/5) D:14
  Crypt (3/3) Vaults:2       Tomb (0/3) Crypt:3      Depths (5/5) D:15
    Zot (5/5) Depths:5

Altars:
Ashenzari
Cheibriados
Dithmenos
Elyvilon
Fedhas
Gozag
Hepliaklqana
Kikubaaqudgha
Makhleb
Nemelex Xobeh
Okawaru
Qazlal
Ru
Sif Muna
Trog
Uskayaw
Vehumet
Wu Jian
Xom
Yredelemnul
Zin
The Shining One
Jiyva

Shops:
D:2 *   D:4 *   D:14 }   Orc:2 !==*   Elf:3 *   Vaults:2 (   Vaults:4 %
Depths:3 =   Depths:4 *

Portals:
Hell: Depths:1 Depths:2 Depths:3 Depths:4 Depths:5
Abyss: Depths:1 Depths:4 Depths:5
Pandemonium: Depths:3
Ziggurat: Depths:3

Annotations:
D:15 exclusions: ice statue and obsidian statue
Lair:4 exclusion: 2 downstairs
Lair:5 20 headed hydra
Swamp:4 Mara
Elf:2 exclusion: 3 doors


Innate Abilities, Weirdness & Mutations

You do not eat or drink.
Your flesh is vulnerable to fire.
You are immune to poison.
Your flesh is cold resistant. (rC+)
You are immune to negative energy. (rN+++)
You are immune to unholy pain and torment.
You can survive without breathing.
You are strongly in touch with the powers of death.


Message History

The orb of fire glows yellow.
The fireball explodes!
The fireball engulfs you! You resist.
* * * LOW HITPOINT WARNING * * *
The fireball engulfs the orb of fire.
The orb of fire completely resists.
You barely miss the orb of fire.
The orb of fire is severely damaged.
You hit the orb of fire.
The orb of fire is severely damaged.
The orb of fire glows yellow.
The bolt of fire hits the orb of fire.
The orb of fire completely resists.
The bolt of fire hits you! You resist.
* * * LOW HITPOINT WARNING * * *
Your blink will be uncontrolled - continue anyway?
The Orb prevents control of your translocation!
You blink.
As you read the scroll of blinking, it crumbles to dust.
Your surroundings seem slightly different.
The orb of fire glows bright magenta.
The bolt of fire hits you! You resist.
You die...

#.###'#### ###
################ ..#
##..............## .##
##^...............## .#
##..........(.......## ##
#....................# #
#...............^....# ##
#.....(..............# .#
#...........@...^....# .##
#.............§......#
..###....................#
...###............^§....##
#....##...........*....##
###...^...............##
#▓▓▓▓▓▓▓▓▓▓▓##*....▓▓
........ ..........


You could see 2 orbs of fire.

Vanquished Creatures
  the Royal Jelly (Slime:5)
  5 orbs of fire
  Mennas (Crypt:2)
  6 ancient liches
  the Lernaean hydra (Swamp:4)
  Saint Roka (Orc:2)
  The ghost of MirrMurr the Wrestler, an adept TrBe of Trog (Depths:2)
  Nikola (Depths:3)
  2 curse toes
  5 golden dragons
  A bone dragon (Crypt:3)
  Arachne (Spider:3)
  5 electric golems
  Jorgrun (Crypt:1)
  12 tentacled monstrosities
  10 liches
  9 Orb Guardians (Zot:5)
  2 deep elf blademasters (Elf:3)
  2 titans
  2 deep elf master archers (Elf:3)
  2 quicksilver dragons
  21 acid blobs
  4 ancient champions
  Gastronok (Lair:3)
  5 death cobs
  5 sphinxes
  Agnes (D:15)
  Roxanne (Spider:4)
  6 draconian monks
  7 shadow dragons
  13 storm dragons
  2 tengu reavers (Vaults:4)
  A revenant (Crypt:2)
  A thorn hunter (Swamp:2)
  Donald (Spider:1)
  11 fire giants
  13 azure jellies
  3 draconian scorchers
  4 vault wardens
  7 draconian knights
  2 iron dragons (Depths:5)
  5 frost giants
  9 deep elf sorcerers
  5 draconian shifters
  7 ghost moths
  5 draconian stormcallers
  A cacodemon (Depths:3)
  3 curse skulls
  5 emperor scorpions
  5 deep elf elementalists (Elf:3)
  7 draconian annihilators
  3 war gargoyles (Crypt:3)
  2 spriggan defenders (Depths:4)
  2 reapers (Crypt:2)
  9 ironheart preservers
  26 very ugly things
  5 green draconians
  3 deep elf demonologists (Elf:3)
  12 stone giants
  7 vampire knights
  7 black draconians
  3 entropy weavers
  8 spark wasps
  The ghost of Execuda the Grappler, a journeyman TrMo of Yredelemnul (Lair:3)
  16 red draconians
  10 purple draconians
  6 deep elf annihilators
  A dire elephant (Lair:6)
  A minotaur (Lab)
  9 white draconians
  6 yellow draconians
  13 ettins
  Snorg (D:9)
  A merfolk javelineer (Depths:2)
  A quicksilver dragon zombie (Crypt:2)
  2 eidola
  10 fire dragons
  4 jiangshi
  6 deep elf death magi
  6 death oozes (Slime:5)
  4 deep elf high priests
  Josephine (D:12)
  15 yaktaur captains
  17 great orbs of eyes
  6 ice dragons
  9 vault guards
  9 rakshasas
  A ghost crab (Swamp:4)
  23 hydras
  15 alligators
  4 spriggan air magi
  12 centaur warriors
  68 two-headed ogres
  11 deep troll shamans
  15 dancing weapons
  11 death yaks
  5 tengu warriors
  15 ogre magi
  10 deep troll earth magi
  4 vampire magi
  2 hell hogs (Depths:1)
  A shock serpent (shapeshifter) (Depths:5)
  Urug (D:11)
  3 soul eaters
  3 spriggan berserkers
  Sonja (Orc:2)
  25 deep elf knights
  Nergalle (D:10)
  A salamander mystic (Depths:4)
  8 hell knights (Crypt:3)
  3 small abominations
  3 iron trolls
  2 titan skeletons (Crypt:3)
  A glowing orange brain (shapeshifter) (Depths:3)
  3 glowing orange brains
  25 deep trolls
  3 flayed ghosts
  2 spriggan druids (Swamp:3)
  26 skeletal warriors
  2 storm dragon skeletons (Crypt:3)
  13 swamp dragons
  4 unseen horrors
  20 deep elf archers
  6 wizards
  4 ironbrand convokers
  2 shambling mangroves (Swamp:2)
  A golden dragon zombie (Crypt:2)
  An anaconda skeleton (Crypt:2)
  8 phantasmal warriors
  8 harpies (Vaults:2)
  2 human zombies
  2 lindwurms (Lair:6)
  9 orc knights
  8 necromancers
  4 shining eyes
  20 orb spiders
  45 ugly things
  2 orc sorcerers
  4 manticores
  33 wolf spiders
  70 deep elf magi
  A salamander (shapeshifter) (Vaults:1)
  A cyclops (shapeshifter) (Depths:1)
  13 cyclopes
  17 moths of wrath
  A faun (shapeshifter) (Elf:3)
  3 fire giant skeletons
  A wolf spider (shapeshifter) (Depths:2)
  2 salamanders (Depths:4)
  A stone giant skeleton (Crypt:3)
  14 elephants
  A moth of wrath (shapeshifter) (Vaults:3)
  2 black mambas
  2 human skeletons
  3 frost giant skeletons (Crypt:3)
  2 torpor snails
  12 vault sentinels
  6 eyes of devastation
  A dire elephant zombie (Crypt:2)
  Psyche (D:8)
  15 spiny frogs
  An orange demon (Depths:3)
  A torpor snail (shapeshifter) (Vaults:4)
  A water nymph (D:10)
  3 smoke demons (Crypt:3)
  4 rime drakes (Lair:6)
  4 gargoyles (Crypt:3)
  7 komodo dragons
  A swamp worm zombie (Crypt:2)
  An iron troll zombie (Crypt:2)
  12 demonic crawlers
  A redback zombie (D:15)
  33 yaktaurs
  5 red devils (Crypt:3)
  5 freezing wraiths
  A hellwing (Depths:3)
  A yaktaur (shapeshifter) (Elf:1)
  4 guardian mummies (Crypt:3)
  A death drake zombie (Crypt:1)
  8 tengu conjurers
  14 trolls
  42 jumping spiders
  A meliai (shapeshifter) (Depths:5)
  2 polar bears (shapeshifter)
  A sphinx simulacrum (Vaults:1)
  6 tyrant leeches
  A dream sheep (shapeshifter) (Depths:3)
  A harpy skeleton (Vaults:1)
  2 alligator zombies
  115 slime creatures
  15 hornets
  An ettin zombie (Crypt:3)
  A meliai zombie (Crypt:2)
  5 flying skulls (Crypt:1)
  3 bog bodies
  3 dream sheep (Lair:6)
  18 blink frogs
  A jumping spider zombie (Crypt:2)
  6 hippogriffs
  2 hydra skeletons
  4 frost giant simulacra
  55 redbacks
  4 air elementals
  11 spriggans
  6 vampires
  7 shadows
  A yak (shapeshifter) (Depths:4)
  5 fire elementals
  9 water elementals
  27 yaks
  An ettin skeleton (Crypt:1)
  28 tarantellas
  3 wyverns
  12 wraiths
  A golden eye (Slime:5)
  32 vampire mosquitoes
  A steam dragon (Lair:6)
  6 hungry ghosts
  5 basilisks
  A chaos spawn (Depths:3)
  A deep troll zombie (Vaults:3)
  2 wargs
  11 insubstantial wisps
  A faun zombie (Crypt:1)
  A torturous demonspawn zombie (Crypt:2)
  16 swamp worms
  A soldier ant (D:7)
  5 two-headed ogre zombies
  3 acid dragons
  9 water moccasins
  7 hell hounds (Depths:1)
  A merfolk skeleton (Crypt:2)
  3 porcupines
  A deep troll skeleton (Crypt:1)
  13 swamp drakes
  2 floating eyes
  An infernal demonspawn skeleton (Crypt:1)
  2 black bears
  29 orc warriors
  An alligator simulacrum (Crypt:2)
  4 eyes of draining
  2 phantoms
  3 sky beasts
  5 ice beasts
  56 ogres
  A snapping turtle zombie (Crypt:3)
  3 boggarts (Vaults:3)
  A swamp dragon skeleton (Crypt:1)
  5 wolves
  2 manticore zombies (Crypt:1)
  2 elf zombies (Vaults:4)
  A snapping turtle skeleton (Crypt:3)
  14 centaurs
  11 crocodiles
  5 big kobolds
  A manticore skeleton (Crypt:3)
  A hog zombie (Crypt:1)
  14 bullfrogs
  A salamander skeleton (Crypt:2)
  2 earth elementals
  A glowing shapeshifter simulacrum (Vaults:1)
  2 scorpions
  9 troll zombies
  A spriggan zombie (Crypt:2)
  46 killer bees (Lair:4)
  4 howler monkeys
  21 wights
  4 electric eels
  A bullfrog zombie (D:6)
  2 human simulacra
  6 crimson imps
  A centaur zombie (D:5)
  6 jellies
  9 orc priests
  13 hounds
  2 bullfrog skeletons
  A gnoll shaman (D:7)
  2 centaur skeletons
  23 orc wizards
  Crazy Yiuf (D:3)
  A demonspawn skeleton (Crypt:2)
  Terence (D:3)
  3 iguanas
  8 worker ants
  8 ogre zombies
  An ogre skeleton (Crypt:2)
  A hound skeleton (D:5)
  12 mummies
  15 gnolls
  A howler monkey skeleton (D:4)
  20 adders
  A swamp drake skeleton (Crypt:1)
  3 shadow imps
  A white imp (Depths:4)
  2 adder zombies
  An adder skeleton (D:6)
  A dart slug (D:2)
  A worm (D:3)
  10 leopard geckos
  88 orcs
  4 giant cockroaches
  6 goblins
  9 hobgoblins
  10 jackals
  6 quokkas
  12 bats
  6 frilled lizards
  A frilled lizard skeleton (Crypt:2)
  A goblin skeleton (D:10)
  4 goblin zombies (D:10)
  4 hobgoblin zombies
  A jackal zombie (D:8)
  22 kobolds
  5 kobold zombies (Ossuary)
  A leopard gecko skeleton (D:5)
  3 orc skeletons (D:10)
  17 orc zombies
  2 quokka skeletons
  A quokka zombie (D:9)
  2 rats (D:1)
  A spectral orc (D:5)
  2 briar patches (Swamp:2)
  A bush (Lair:2)
  2 crawling corpses
  4 fungi
  8 plants
2415 creatures vanquished.

Vanquished Creatures (collateral kills)
  A wolf spider (Spider:2)
  An ugly thing (Depths:1)
  A jumping spider (Spider:2)
3 creatures vanquished.

Vanquished Creatures (others)
  Asterion (Vaults:1)
  A storm dragon (Zot:5)
  A draconian monk (Zot:3)
  A draconian knight (Zot:4)
  A fire giant (Depths:2)
  An ironheart preserver (Vaults:2)
  A yaktaur captain (Depths:2)
  A two-headed ogre (Vaults:1)
  An alligator (Swamp:1)
  A deep elf knight (Elf:1)
  2 unseen horrors (D:15)
  A deep elf mage (Elf:1)
  2 moths of wrath (Zot:5)
  3 yaktaurs
  A jumping spider (Spider:4)
  A slime creature (Swamp:3)
  A wraith (Vaults:1)
  A water moccasin (shapeshifter) (Depths:4)
  A swamp drake (Swamp:4)
  4 orc warriors
  An orc wizard (D:8)
  An orc priest (Elf:1)
  A gnoll (D:4)
  15 orcs
  3 kobolds
  A briar patch (Swamp:2)
  A crawling corpse (Elf:1)
  9 fungi
  17 plants
  5 withered plants (Crypt:3)
81 creatures vanquished.

Grand Total: 2499 creatures vanquished

Notes
Turn   | Place    | Note
-------+----------+-------------------------------------------
     0 | D:1      | Kriby the Mummy Fighter began the quest for the Orb.
     0 | D:1      | Reached XP level 1. HP: 18/18 MP: 1/1
    99 | D:1      | Reached XP level 2. HP: 12/24 MP: 2/2
   911 | D:2      | Reached XP level 3. HP: 27/29 MP: 3/3
  1199 | D:2      | Found Zin's Purification Station.
  1200 | D:2      | Found a glowing silver altar of Zin.
  1274 | D:2      | Reached XP level 4. HP: 32/37 MP: 4/4
  1445 | D:2      | Reached skill level 4 in Fighting
  1691 | D:3      | Found an ornate altar of the Wu Jian Council.
  1946 | D:3      | Noticed Terence
  1955 | D:3      | Killed Terence
  1955 | D:3      | Reached XP level 5. HP: 43/43 MP: 5/5
  2008 | D:3      | Found a radiant altar of Vehumet.
  2164 | D:3      | Found a runed door.
  2168 | D:3      | Noticed Crazy Yiuf
  2178 | D:3      | Killed Crazy Yiuf
  2254 | D:4      | Noticed an ogre
  2255 | D:4      | Found Nackoras's Assorted Antiques.
  2257 | D:4      | Noticed an ogre
  2257 | D:4      | Noticed a phantom
  2288 | D:4      | Found a sparkling altar of Nemelex Xobeh.
  2318 | D:4      | Found a sand-covered staircase.
  2325 | Ossuary  | Entered an ossuary
  2849 | Ossuary  | Reached XP level 6. HP: 38/50 MP: 6/6
  2951 | Ossuary  | Reached skill level 5 in Fighting
  3200 | Ossuary  | Identified a scroll of acquirement
  3471 | D:4      | Reached XP level 7. HP: 49/56 MP: 7/7
  3515 | D:4      | Bought a coral ring for 150 gold pieces
  3515 | D:4      | Bought a blackened soapstone amulet for 150 gold pieces
  3766 | D:4      | Found a shadowy altar of Dithmenos.
  3863 | D:5      | Entered Level 5 of the Dungeon
  3882 | D:5      | Reached skill level 6 in Fighting
  3976 | D:5      | Found a staircase to the Ecumenical Temple.
  4026 | D:5      | Identified the +8 long sword of the Thirsty Coins {slice, +Inv rF+ rC+ rN+} (You found it on level 5 of the Dungeon)
  4163 | D:5      | Found a basalt altar of Yredelemnul.
  4213 | D:5      | Reached XP level 8. HP: 64/65 MP: 8/8
  4227 | D:5      | Found a white marble altar of Elyvilon.
  4619 | D:6      | Reached skill level 7 in Fighting
  4669 | Temple   | Entered the Ecumenical Temple
  4881 | Temple   | Became a worshipper of Warmaster Okawaru
  5064 | D:6      | Found a sacrificial altar of Ru.
  5066 | D:6      | Found a shattered altar of Ashenzari.
  5080 | D:6      | Found a glowing golden altar of the Shining One.
  5646 | D:7      | Reached * piety under Okawaru
  5646 | D:7      | Reached skill level 8 in Fighting
  5646 | D:7      | Reached skill level 5 in Shields
  5676 | D:7      | Reached XP level 9. HP: 73/74 MP: 9/9
  5752 | D:7      | Reached skill level 5 in Armour
  5983 | D:7      | Found a transporter.
  6117 | D:7      | Found a sacrificial altar of Ru.
  6257 | D:7      | Reached skill level 1 in Dodging
  6402 | D:7      | Reached skill level 5 in Axes
  6571 | D:7      | Reached ** piety under Okawaru
  6581 | D:7      | Reached skill level 9 in Fighting
  6687 | D:7      | Found a transporter.
  6729 | D:7      | Got a crude marble ring
  6731 | D:7      | Identified the ring of the Modern Stars {Fire rElec MR+ Str+3 Dex-5} (You found it on level 7 of the Dungeon)
  6803 | D:8      | Noticed a troll
  6813 | D:8      | Killed a troll
  7002 | D:8      | Reached *** piety under Okawaru
  7008 | D:8      | Found a staircase to the Lair.
  7022 | D:8      | Reached XP level 10. HP: 82/83 MP: 10/10
  7030 | D:8      | Noticed Psyche
  7183 | D:8      | Killed Psyche
  7242 | D:8      | Got a heavily runed wooden ring
  7243 | D:8      | Identified the ring "Alenephui" {Ice rN+} (You found it on level 8 of the Dungeon)
  7371 | D:8      | Found a blossoming altar of Fedhas.
  7708 | D:9      | Reached **** piety under Okawaru
  7708 | D:9      | Reached skill level 10 in Fighting
  7956 | D:9      | Found a burning altar of Makhleb.
  7961 | D:9      | Identified the +5 whip "Ifankur" {slash, Fragile rN++ MR++} (You found it on level 9 of the Dungeon)
  8439 | D:9      | Found an opulent altar of Gozag.
  8569 | D:9      | Reached ***** piety under Okawaru
  8744 | D:10     | Entered Level 10 of the Dungeon
  8753 | D:10     | Found a staircase to the Orcish Mines.
  8785 | D:10     | Noticed an orc sorcerer
  8794 | D:10     | Noticed Snorg
  8796 | D:10     | Killed an orc sorcerer
  9025 | D:10     | Reached XP level 11. HP: 88/92 MP: 11/11
  9738 | D:10     | Received a gift from Okawaru
  9805 | D:10     | Noticed Nergalle
  9813 | D:10     | Noticed a spectral orc warlord
  9813 | D:10     | Noticed a spectral orc warlord
  9814 | D:10     | Killed Nergalle
  9814 | D:10     | Reached skill level 11 in Fighting
 10305 | D:9      | Killed Snorg
 10681 | Lair:1   | Entered Level 1 of the Lair of Beasts
 12345 | Lair:2   | Reached skill level 5 in Dodging
 12484 | Lair:2   | Reached skill level 12 in Fighting
 12918 | Lair:2   | Received a gift from Okawaru
 12920 | Lair:2   | Reached XP level 12. HP: 91/102 MP: 12/12
 13274 | Lair:3   | Noticed Execuda's ghost (journeyman TrMo)
 13939 | Lair:3   | Noticed Gastronok
 14315 | Lair:3   | Killed Execuda's ghost
 14452 | Lair:3   | Found a hole to the Spider Nest.
 14588 | Lair:3   | Found a staircase to the Swamp.
 14854 | Lair:3   | Killed Gastronok
 14939 | Lair:4   | Noticed an eight-headed hydra
 14970 | Lair:4   | Killed an eight-headed hydra
 15495 | Lair:4   | Received a gift from Okawaru
 15505 | Lair:4   | Reached skill level 13 in Fighting
 16273 | Lair:5   | Found a labyrinth entrance.
 16278 | Lab      | Entered a labyrinth
 20427 | Lab      | Noticed a minotaur
 20447 | Lab      | Killed a minotaur
 20699 | Lair:2   | Got a dazzling hat {god gift}
 20710 | Lair:2   | Identified the +2 hat "Limpuaro" {rC+ rCorr} (Okawaru gifted it to you on level 2 of the Lair of Beasts)
 20867 | Lair:5   | Gained mutation: You are in touch with the powers of death. [Mummy growth]
 20867 | Lair:5   | Reached XP level 13. HP: 111/111 MP: 13/13
 21602 | Lair:5   | Found a viscous altar of Jiyva.
 21602 | Lair:5   | Found a staircase to the Slime Pits.
 22576 | Lair:6   | Entered Level 6 of the Lair of Beasts
 22755 | Orc:1    | Entered Level 1 of the Orcish Mines
 22841 | Orc:2    | Entered Level 2 of the Orcish Mines
 23678 | Orc:1    | Reached skill level 1 in Invocations
 25385 | Orc:1    | Received a gift from Okawaru
 25390 | Orc:1    | Got a slimy helmet {god gift}
 25391 | Orc:1    | Identified the +2 helmet of Wennasox {Int-5 Slay+5} (Okawaru gifted it to you on level 1 of the Orcish Mines)
 25623 | Orc:2    | Reached skill level 14 in Fighting
 25636 | Orc:2    | Found Cerrudghe's Assorted Antiques.
 25793 | Orc:2    | Found a staircase to the Elven Halls.
 25795 | Orc:2    | Noticed Saint Roka
 26131 | D:11     | Noticed Urug
 26149 | D:11     | Killed Urug
 26785 | D:12     | Noticed Josephine
 26795 | D:12     | Killed Josephine
 26814 | D:12     | Reached XP level 14. HP: 72/120 MP: 16/16
 28521 | D:14     | Found Eshafy's Gadget Boutique.
 28573 | D:14     | Found a flagged portal.
 28583 | Bailey   | Entered a bailey
 29060 | Bailey   | Received a gift from Okawaru
 29074 | Bailey   | Identified the +2 cloak "Moufomel" {+Fly Str+4} (Okawaru gifted it to you in a bailey)
 29585 | D:14     | Noticed a lich
 29587 | D:14     | Noticed a deep elf sorcerer
 29590 | D:14     | Noticed a lich
 29600 | D:14     | Killed a deep elf sorcerer
 29601 | D:14     | Killed a lich
 29602 | D:14     | Killed a lich
 29752 | D:14     | Found a gate to the Vaults.
 29770 | D:14     | Reached skill level 15 in Fighting
 29783 | D:14     | Reached skill level 10 in Armour
 30529 | D:14     | Reached skill level 5 in Invocations
 30628 | D:14     | Identified the Almanac of Noxious Benedictions
 30629 | D:14     | Got a scorched bone ring
 31009 | D:15     | Entered Level 15 of the Dungeon
 31187 | D:15     | Got a coiled ivory ring
 31323 | D:15     | Found a staircase to the Depths.
 31330 | D:15     | Received a gift from Okawaru
 31459 | D:15     | Noticed Agnes
 31482 | D:15     | Killed Agnes
 31482 | D:15     | Reached XP level 15. HP: 59/129 MP: 15/18
 31825 | D:15     | Reached skill level 10 in Shields
 32318 | Orc:2    | Killed Saint Roka
 32318 | Orc:2    | Reached ****** piety under Okawaru
 32553 | Orc:2    | Found Rulunocu's Jewellery Shoppe.
 32558 | Orc:2    | Found Bokeriud's Jewellery Boutique.
 32559 | Orc:2    | Found Efyguv's Distillery.
 32619 | Orc:2    | Noticed Sonja
 32656 | Orc:2    | Killed Sonja
 33536 | Lair:6   | Identified the cursed +0 scythe "Uluih" {protect, rElec rC+ rN+ Stlth+} (You found it on level 6 of the Lair of Beasts)
 34094 | Lair:6   | Received a gift from Okawaru
 34098 | Lair:6   | Reached skill level 10 in Axes
 34427 | Lair:6   | Reached skill level 16 in Fighting
 35176 | Lair:6   | Received a gift from Okawaru
 35181 | Lair:6   | Identified the +9 hand axe of Kettozik {drain, *Rage rN+ MP+9} (Okawaru gifted it to you on level 6 of the Lair of Beasts)
 35424 | Spider:1 | Entered Level 1 of the Spider Nest
 35577 | Spider:1 | Reached XP level 16. HP: 88/139 MP: 19/19
 35676 | Spider:1 | Noticed Donald
 35689 | Spider:1 | Killed Donald
 36216 | Spider:1 | Identified the +6 flail "Nitar" {crush, rN+++ Stlth-} (You found it on level 1 of the Spider Nest)
 36828 | Spider:2 | Received a gift from Okawaru
 37493 | Spider:3 | Noticed Arachne
 37519 | Spider:3 | Killed Arachne
 37779 | Spider:4 | Entered Level 4 of the Spider Nest
 37870 | Spider:4 | Reached skill level 17 in Fighting
 38118 | Spider:4 | Identified the ring "Rexaneylou" {EV+3 Int+2 SInv} (You found it on level 14 of the Dungeon)
 38119 | Spider:4 | Identified the ring of Wishful Thinking {rPois MR+ Str-5 SInv Stlth+} (You took it off a centaur warrior on level 15 of the Dungeon)
 38470 | Spider:4 | Received a gift from Okawaru
 39342 | Spider:4 | Noticed Roxanne
 39402 | Spider:4 | Reached XP level 17. HP: 128/147 MP: 1/22
 40177 | Spider:4 | Reached skill level 10 in Dodging
 40446 | Spider:4 | Received a gift from Okawaru
 40839 | Spider:4 | Got a gossamer rune of Zot
 41016 | Spider:4 | Killed Roxanne
 41017 | Spider:4 | Identified Roxanne's Incunabulum of the Mountains (You took it off Roxanne on level 4 of the Spider Nest)
 41193 | Swamp:1  | Entered Level 1 of the Swamp
 43046 | Swamp:2  | Noticed a tentacled monstrosity
 43069 | Swamp:2  | Killed a tentacled monstrosity
 44011 | Swamp:3  | Reached skill level 18 in Fighting
 44413 | Swamp:3  | Received a gift from Okawaru
 45056 | Swamp:4  | Entered Level 4 of the Swamp
 45081 | Swamp:4  | Noticed Mara
 45087 | Swamp:4  | Noticed Kriby's illusion
 45263 | Swamp:4  | Noticed Kriby's illusion
 45263 | Swamp:4  | Reached XP level 18. HP: 146/157 MP: 22/24
 45637 | Swamp:4  | Noticed the 27-headed Lernaean hydra
 46546 | Swamp:4  | Killed the 27-headed Lernaean hydra
 46556 | Swamp:4  | Received a gift from Okawaru
 46852 | Swamp:4  | Got a decaying rune of Zot
 47290 | Vaults:1 | Entered Level 1 of the Vaults
 48015 | Vaults:1 | Reached skill level 1 in Spellcasting
 48164 | Vaults:1 | Noticed Asterion
 48315 | Vaults:1 | Received a gift from Okawaru
 48334 | Vaults:1 | Identified a +2 pair of boots of running (Okawaru gifted it to you on level 1 of the Vaults)
 48823 | Vaults:1 | Killed Asterion
 49025 | Vaults:1 | Reached skill level 19 in Fighting
 49777 | Vaults:2 | Reached XP level 19. HP: 127/166 MP: 25/25
 50750 | Vaults:2 | Reached skill level 5 in Spellcasting
 50828 | Vaults:2 | Received a gift from Okawaru
 51535 | Vaults:2 | Upgraded the game from 0.22-a0-352-gc608dd7fdd to 0.22-a0-353-g2d6336e718
 51598 | Vaults:2 | Found a staircase to the Crypt.
 51668 | Vaults:2 | Received a gift from Okawaru
 51965 | Vaults:2 | Found Rubisus's Antique Weapon Boutique.
 52410 | Vaults:3 | Identified the cursed +1 chain mail of Vehumet's Pride {Slay+2} (You found it on level 3 of the Vaults)
 52769 | Vaults:3 | Reached XP level 20. HP: 112/176 MP: 28/30
 53308 | Vaults:3 | Reached skill level 20 in Fighting
 54336 | Vaults:4 | Received a gift from Okawaru
 54338 | Vaults:4 | Identified the +2 scale mail "Ronk" {*Contam +Blink rN+++ Str-2} (Okawaru gifted it to you on level 4 of the Vaults)
 54407 | Vaults:4 | Found Boyrixt's Food Shoppe.
 55518 | Crypt:1  | Entered Level 1 of the Crypt
 55539 | Crypt:1  | Noticed Jorgrun
 55551 | Crypt:1  | Killed Jorgrun
 55719 | Crypt:1  | Found a magical portal.
 55728 | WizLab   | Entered Zonguldrok's Shrine
 56176 | WizLab   | Reached skill level 15 in Armour
 56264 | WizLab   | Noticed an antique lich
 56275 | WizLab   | Killed an antique lich
 56330 | WizLab   | Found the +9 sword of Zonguldrok {reap}
 57073 | Crypt:1  | Received a gift from Okawaru
 57435 | Crypt:2  | Noticed Mennas
 57498 | Crypt:2  | Killed Mennas
 57498 | Crypt:2  | Reached XP level 21. HP: 20/184 MP: 30/33
 58786 | Crypt:3  | Entered Level 3 of the Crypt
 59122 | Crypt:3  | Reached skill level 21 in Fighting
 59679 | Crypt:3  | Found the +18 shield of the Gong {rElec rN+ MR+ EV-5}
 59751 | Crypt:3  | Found a staircase to the Tomb.
 59938 | Crypt:3  | Identified the cursed +1 shortbow "Lifebane" {velocity, MR+ SInv} (You found it on level 3 of the Crypt)
 60085 | Crypt:3  | Received a gift from Okawaru
 60635 | Crypt:3  | Found an ancient bone altar of Kikubaaqudgha.
 60688 | Crypt:3  | Found the +5 scythe "Finisher" {speed, Str+3}
 60688 | Crypt:3  | Found the +8 Wrath of Trog {antimagic, *Rage}
 60702 | Crypt:3  | Noticed an ancient lich
 61700 | Depths:1 | Entered Level 1 of the Depths
 62016 | Depths:1 | Found a runed door.
 62053 | Depths:1 | Reached XP level 22. HP: 148/194 MP: 34/34
 62457 | Depths:1 | Found a one-way gate to the infinite horrors of the Abyss.
 62618 | Depths:1 | Found a gateway to Hell.
 62847 | Depths:2 | Received a gift from Okawaru
 63188 | Depths:2 | Noticed MirrMurr's ghost (adept TrBe)
 63222 | Depths:2 | Killed MirrMurr's ghost
 63530 | Depths:2 | Reached skill level 22 in Fighting
 63648 | Depths:2 | Found a shattered altar of Ashenzari.
 64495 | Elf:1    | Entered Level 1 of the Elven Halls
 65843 | Elf:2    | Found a runed gate.
 65845 | Elf:2    | Found a runed gate.
 65845 | Elf:2    | Found a runed gate.
 66604 | Elf:3    | Entered Level 3 of the Elven Halls
 66611 | Elf:3    | Identified the +11 quarterstaff of Ruination {holy, *Slow rPois rC+ Str+2} (You found it on level 3 of the Elven Halls)
 66642 | Elf:3    | Identified the cursed +3 morningstar "Geob" {antimagic, rF+ rC+ Str+5} (You found it on level 3 of the Elven Halls)
 66710 | Elf:3    | Received a gift from Okawaru
 67050 | Elf:3    | Reached XP level 23. HP: 204/204 MP: 35/35
 67142 | Elf:3    | Found Cedwaff's General Store.
 67175 | Elf:3    | Found a portal to a secret trove of treasure.
 67534 | Elf:3    | Received a gift from Okawaru
 67568 | Elf:3    | Identified the ring of Zioho {*Drain rN+++ MP+9 Dex+4 Stlth-} (You took it off a deep elf death mage on level 3 of the Elven Halls)
 68234 | Elf:3    | Got a shimmering iron amulet
 68236 | Elf:3    | Identified the amulet "Iwoas" {RegenMP rElec rN+} (You took it off a deep elf master archer on level 3 of the Elven Halls)
 68305 | Elf:3    | Identified the ring "Zotocito" {Str+3 Dex+6 SInv} (You took it off a deep elf blademaster on level 3 of the Elven Halls)
 68348 | Elf:3    | Identified the ring of Bodily Harmony {rElec rF+ rC+} (You took it off a deep elf blademaster on level 3 of the Elven Halls)
 68376 | Elf:3    | Identified the ring "Gium" {rCorr *Slow rElec Int+7 Dex+2} (You took it off a deep elf elementalist on level 3 of the Elven Halls)
 68578 | Elf:3    | Identified the Grimoire of Virous Transmutation
 69172 | Depths:3 | Noticed Nikola
 69201 | Depths:3 | Killed Nikola
 69332 | Depths:3 | Reached skill level 15 in Shields
 69406 | Depths:3 | Received a gift from Okawaru
 69596 | Depths:3 | Found Nara's Jewellery Boutique.
 69623 | Depths:3 | Found a gateway to a ziggurat.
 69688 | Depths:3 | Paralysed by a floating eye for 4 turns
 69692 | Depths:3 | Reached skill level 23 in Fighting
 70013 | Depths:3 | Found a one-way gate leading to the halls of Pandemonium.
 70252 | Depths:4 | Found Benatir's Assorted Antiques.
 70533 | Depths:4 | Bought a slimy pewter amulet for 210 gold pieces
 70533 | Depths:4 | Identified the amulet of Buvvaqaj {Faith Str+3 Dex+3 Slay-2} (You bought it in a shop on level 4 of the Depths)
 70635 | Depths:4 | Reached skill level 15 in Axes
 70788 | Depths:4 | Paralysed by a floating eye for 4 turns
 71015 | Depths:4 | Reached XP level 24. HP: 196/214 MP: 32/35
 71070 | Depths:4 | Reached skill level 15 in Dodging
 71322 | Depths:4 | Paralysed by a floating eye for 2 turns
 72036 | Depths:5 | Entered Level 5 of the Depths
 72290 | Depths:5 | Received a gift from Okawaru
 72542 | Depths:5 | Found a gate to the Realm of Zot.
 73047 | Elf:3    | You paid a toll of +4 shadow dragon scales to enter a treasure trove
 73048 | Trove    | Entered a treasure trove
 73083 | Trove    | Got a sparkling jade amulet
 73087 | Trove    | Got a coiled copper amulet
 73089 | Trove    | Got an ancient crystal amulet
 73167 | Elf:3    | Identified the amulet "Fesampey" {Spirit +Fly rF+} (You found it in a treasure trove)
 73168 | Elf:3    | Identified the amulet of the Establishment {Inacc rF- MP+9 Int+9 Dex-2} (You found it in a treasure trove)
 73169 | Elf:3    | Identified the amulet of the Three Cities {Reflect Str+3 Slay-4 SH+3 SInv} (You found it in a treasure trove)
 73578 | Depths:5 | Reached skill level 24 in Fighting
 73620 | Depths:5 | Received a gift from Okawaru
 73621 | Depths:5 | Got a fine shield {god gift}
 73622 | Depths:5 | Identified the +2 shield "Buhiuz" {+Inv rElec Str-2} (Okawaru gifted it to you on level 5 of the Depths)
 75468 | Slime:1  | Entered Level 1 of the Pits of Slime
 75602 | Slime:1  | Found a viscous altar of Jiyva.
 76860 | Slime:5  | Entered Level 5 of the Pits of Slime
 77258 | Slime:5  | Noticed the Royal Jelly
 77640 | Slime:5  | Reached XP level 25. HP: 161/225 MP: 20/35
 77856 | Slime:5  | Found a viscous altar of Jiyva.
 77906 | Slime:5  | Killed the Royal Jelly
 77906 | Slime:5  | Received a gift from Okawaru
 78484 | Slime:5  | Found the +6 arbalest "Damnation" {damnation}
 78542 | Slime:5  | Got a slimy rune of Zot
 78543 | Slime:5  | Identified Sif Muna's Papyrus of Boosting Ignition
 78572 | Slime:5  | Identified the Collected Works on the Aerial Glacier
 78578 | Slime:5  | Identified the Tome of Earthen Snow
 79123 | Zot:1    | Entered Level 1 of the Realm of Zot
 80122 | Zot:1    | Found an iron altar of Okawaru.
 81376 | Slime:5  | Identified the -8 large shield "Fesyocw" {Str+3 Slay+3} (Okawaru gifted it to you on level 5 of the Pits of Slime)
 82006 | Zot:2    | Noticed an orb of fire
 82043 | Zot:2    | Killed an orb of fire
 82043 | Zot:2    | Received a gift from Okawaru
 82875 | Zot:2    | Reached skill level 25 in Fighting
 82876 | Zot:2    | Noticed an orb of fire
 82906 | Zot:2    | Killed an orb of fire
 83700 | Zot:3    | Gained mutation: You are strongly in touch with the powers of death. [Mummy growth]
 83700 | Zot:3    | Reached XP level 26. HP: 228/235 MP: 31/35
 84067 | Zot:3    | Found a transporter.
 84069 | Zot:3    | Found the +1 cloak of Starlight {rElec rC+ EV+4 Stlth--}
 84076 | Zot:3    | Found a radiant altar of Vehumet.
 84179 | Zot:3    | Noticed an ancient lich
 84180 | Zot:3    | Noticed an orb of fire
 84195 | Zot:3    | Noticed an ancient lich
 84207 | Zot:3    | Killed an ancient lich
 84469 | Zot:3    | Noticed an orb of fire
 85080 | Zot:5    | Entered Level 5 of the Realm of Zot
 85123 | Zot:5    | Received a gift from Okawaru
 85138 | Zot:5    | Identified the +10 morningstar of the Thoughtful Yaks {vamp, rElec rC- Str+4 Int+4} (Okawaru gifted it to you on level 5 of the Realm of Zot)
 85386 | Zot:5    | Noticed an orb of fire
 85403 | Zot:5    | Killed an orb of fire
 85560 | Zot:5    | Noticed an ancient lich
 85581 | Zot:5    | Killed an ancient lich
 85717 | Zot:5    | Noticed an ancient lich
 85739 | Zot:5    | Killed an ancient lich
 86001 | Zot:5    | Received a gift from Okawaru
 86066 | Zot:5    | Noticed an ancient lich
 86080 | Zot:5    | Killed an ancient lich
 87066 | Zot:5    | Noticed an ancient lich
 87077 | Zot:5    | Killed an ancient lich
 88912 | Zot:5    | Noticed an orb of fire
 88928 | Zot:5    | Reached XP level 27. HP: 244/244 MP: 31/35
 88936 | Zot:5    | Killed an orb of fire
 88976 | Zot:5    | Noticed an orb of fire
 88980 | Zot:5    | Noticed an orb of fire
 88997 | Zot:5    | Noticed an orb of fire
 89002 | Zot:5    | Killed an orb of fire
 89006 | Zot:5    | HP: 11/244 [orb of fire/bolt of fire (37)]
 89007 | Zot:5    | Killed from afar by an orb of fire

Vault maps used:
D:1:      nicolae_arrival_memento_mori, minmay_door_square, minmay_pentomino_s4
D:2:      zin_purify
D:3:      old_standard_altar, marbit_many_paths, uniq_terence,
          uniq_crazy_yiuf_cottage
D:4:      grunt_dithmenos_smoke_and_mirrors, serial_shops, nicolae_shop_crystal,
          nicolae_ossuary_entry_monument, first_ration,
          nemelex_diamond_rough_becter
D:5:      overflow_temple_1_default, yredelemnul_forgotten_temple_becter,
          minmay_temple_entry_hall
D:6:      lemuel_crystal_altar, chequers_temple_overflow_statue_of_worship
D:7:      gammafunk_the_bubble, nicolae_ru_great_annihilating_truth
D:8:      lemuel_doored_altar, erik_lair_island, uniq_psyche
D:9:      kennysheep_mini_moat, bloody_makhleb, the_bakery
D:10:     zombieorc2_lemuel, uniq_snorg, uniq_nergalle
D:11:     uniq_urug
D:12:     minmay_misc_feat_enclosed, stair_cage_line, billiards_dpeg,
          uniq_josephine
D:14:     minmay_the_grid_plus_closed, erik_vaults_2, enter_bailey_8,
          minmay_misc_feat_plants, minmay_shop_grid_forest
D:15:     grunt_enter_depths_snipers, serial_bayou_pond_d, minmay_more_statues,
          uniq_agnes
Temple:   compressed_dpeg_circular_temple
Lair:2:   serial_bayou_lake_a
Lair:3:   minmay_swamp_entry_swarm, dummy_spider_entry, uniq_gastronok
Lair:4:   wad_woods_minihive, infiniplex_staircase_pool_2
Lair:5:   dpeg_slime_entry_enclosed_altar, enter_volcano_2, lab_entry_generic,
          fungi_pond_lemuel
Lair:6:   hangedman_lair_in_review, guppyfry_lair_end_dragon
Swamp:1:  evilmike_swamp_ruin_house_5
Swamp:2:  wheals_swamp_sinkhole
Swamp:3:  nicolae_swamp_stair_fork
Swamp:4:  swamp_old_school, uniq_mara
Spider:1: uniq_donald
Spider:3: uniq_arachne
Spider:4: spider_rune_water, uniq_roxanne
Slime:1:  basic_altar
Slime:3:  basic_altar
Orc:1:    serial_shops, nicolae_shop_statue_plus, basic_altar, elf_legates
Orc:2:    st_orc_open, uniq_saint_roka, uniq_sonja
Elf:1:    minmay_elf_arrival_plus, orc_legates
Elf:3:    elf_hall, enter_trove_1, serial_shops, nicolae_shop_stone,
          hangedman_elf_simple_split
Vaults:1: grunt_vaults_funnel, hangedman_vaults_stream, hangedman_vaults_slice,
          nicolae_vaults_network_square, ontoclasm_vaults_ring_small,
          vaults_standard_mumra_lines, v_alt_pattern_2,
          nicolae_vaults_ring_of_whatevers, uniq_asterion
Vaults:2: v_misc_14, ontoclasm_vaults_hangar, minmay_crypt_entry_simple_sparse,
          hangedman_vaults_hat, st_hourglassy, v_misc_15, vaults_room_octagon,
          vaults_room_mumra_shop_pool, v_misc_11, nicolae_vaults_rhombus_5,
          nicolae_vaults_little_squares_2, v_misc_29, ontoclasm_vaults_tryst,
          ontoclasm_vaults_eye, hangedman_vaults_variations
Vaults:3: hangedman_vaults_maws, nicolae_vaults_little_squares_3,
          vaults_room_fours, nicolae_vaults_alarming, v_misc_22,
          dpeg_vaults_monster_box, hangedman_vaults_capsules
Vaults:4: vaults_dpeg_doors, v_misc_12, nicolae_vaults_network_periphery,
          v_misc_3, ontoclasm_vaults_idyll, nicolae_vaults_diagonal_hallway_7,
          nicolae_vaults_little_squares_3, vaults_dpeg_hooks,
          vaults_room_door_hall, serial_shops, shop
Crypt:1:  mu_enter_wizlab_3, grunt_megastairs_2, uniq_mennas, uniq_jorgrun
Crypt:2:  minivault_14, serial_sigils_hangedman_scar
Crypt:3:  quadcrypt_mu
Depths:1: grunt_hell_horde, serial_column_ruins, column_ruins_square_medium,
          column_ruins_columns_T, column_ruins_open_small,
          column_ruins_open_tiny, kennysheep_boxes, abyss_entry_crystal,
          library_closet, kennysheep_treasure_room
Depths:2: lemuel_troll_bridge, hell_entry, ashenzari_altar_1,
          basic_stair_grate_trap, serial_bayou_shore_b,
          infiniplex_staircase_spiral_double
Depths:3: evilmike_horseshoe, enter_ziggurat_e, serial_shops, shop,
          pf_dread_powers_of_hell, rand_demon_pan_entry_9,
          hangedman_decor_lopped, wad_rectangle_vault, uniq_nikola
Depths:4: minmay_connected_boxes_in_corner, abyss_entry,
          corexii_leaking_fountain, serial_shops, shop_fountains,
          hangedman_coc_ice_floe, kennysheep_generic_room_10
Depths:5: grunt_crosshair, roderic_lattice_a, hell_entry, abyss_entry,
          kennysheep_random_hallway
Zot:1:    basic_altar
Zot:3:    gammafunk_sealed_library
Zot:5:    st_stairs_12
Trove:    trove_garden
Ossuary:  ossuary_tomb_3
Bailey:   bailey_polearm_2, bailey
WizLab:   wizlab_zonguldrok

Skill      XL: |  1  2  3  4  5  6  7  8  9 10 11 12 13 14 15 16 17 18 19 20 21 22 23 24 25 26 27 |
---------------+----------------------------------------------------------------------------------+-----
Axes           | 2 3 4 5 6 7 8 9 10 11 12 13 14 15 17 18 | 18.0
Fighting       | 4 5 6 8 9 10 12 13 14 15 16 17 18 19 20 21 22 23 24 25 | 25.8
Armour         | 3 4 5 6 7 8 9 10 11 12 13 14 15 16 17 18 19 | 19.0
Shields        | 3 4 5 6 7 8 9 10 11 12 13 14 15 | 15.0
Dodging        | 2 3 5 6 7 8 9 10 11 12 13 14 16 17 18 | 18.3
Invocations    | 3 5 7 8 |  8.0
Spellcasting   | 3 6 8 |  8.0

Action                   |  1- 3 |  4- 6 |  7- 9 | 10-12 | 13-15 | 16-18 | 19-21 | 22-24 | 25-27 || total
-------------------------+-------+-------+-------+-------+-------+-------+-------+-------+-------++-------
Melee: War axe           |   112 |   212 |   330 |   840 |   557 |   158 |       |       |       ||  2209
       Broad axe         |       |       |       |       |   484 |  1386 |  1910 |  2154 |  1320 ||  7254
       Trident           |       |       |       |       |    40 |   222 |       |       |       ||   262
Throw: Javelin           |       |       |       |       |     8 |       |     1 |       |       ||     9
Invok: Heroism           |       |       |     1 |     7 |    13 |    32 |    41 |    32 |    22 ||   148
       Finesse           |       |       |       |     3 |     3 |    11 |    16 |    16 |    14 ||    63
Evoke: Wand              |       |       |    11 |    47 |    33 |    16 |     1 |     5 |       ||   113
       Lamp of fire      |       |       |       |       |     3 |     4 |     1 |     1 |       ||     9
       Lightning rod     |       |       |       |       |     5 |     7 |       |       |       ||    12
       Box of beasts     |       |       |       |       |       |     4 |     2 |     3 |       ||     9
       Phantom mirror    |       |       |       |       |       |       |     1 |       |       ||     1
       Phial of floods   |       |       |       |       |       |       |       |       |     1 ||     1
  Use: Scroll            |       |    15 |     8 |     9 |    23 |    16 |    11 |    27 |    18 ||   127
 Stab: Sleeping          |     1 |     6 |       |       |       |       |       |       |       ||     7
       Paralysed         |       |       |     3 |       |    17 |     2 |       |       |       ||    22
       Distracted        |       |       |       |       |     1 |       |     1 |     2 |       ||     4
       Confused          |       |       |       |       |       |     1 |       |     2 |     5 ||     8
Armor: Scale mail        |    38 |       |       |       |       |       |       |       |       ||    38
       Ring mail         |    30 |   102 |   219 |   392 |   704 |  1411 |   659 |    93 |       ||  3610
       Skin              |     1 |       |       |       |       |       |       |       |       ||     1
       Crystal plate arm |       |       |       |       |       |    29 |       |       |       ||    29
       Plate armour      |       |       |       |       |       |       |       |   385 |       ||   385
       Fire dragon scale |       |       |       |       |       |       |       |   201 |    76 ||   277
       Gold dragon scale |       |       |       |       |       |       |       |       |   575 ||   575
Dodge: Dodged            |    65 |    63 |   127 |   384 |   816 |  1686 |   958 |   896 |   661 ||  5656
       Deflected         |       |       |       |       |    43 |    22 |    43 |    53 |       ||   161
Block: Shield            |    69 |    99 |   280 |   714 |   707 |       |    81 |  1294 |   887 ||  4131
       Reflection        |       |       |    12 |     5 |    85 |    17 |     9 |       |       ||   128
       Buckler           |       |       |       |       |   196 |   918 |   465 |       |       ||  1579

Table legend:
 A = Spawn XP
 B = Non-spawn XP
 C = Spawn XP percentage of total XP
 D = Spawn monster count
 E = Non-spawn monster count
 F = Spawn count percentage of total count
 G = Total turns spent on level
                    A         B        C        D         E        F      G
               +---------+---------+-------+---------+---------+-------+---------
         Total |       0 | 1522286 |   0.0 |       0 |    2411 |   0.0 | 89007
               +---------+---------+-------+---------+---------+-------+---------
           D:1 |       0 |      25 |   0.0 |       0 |      16 |   0.0 |   617
           D:2 |       0 |      99 |   0.0 |       0 |      22 |   0.0 |  1015
           D:3 |       0 |     164 |   0.0 |       0 |      21 |   0.0 |   594
           D:4 |       0 |     561 |   0.0 |       0 |      15 |   0.0 |   733
           D:5 |       0 |     607 |   0.0 |       0 |      16 |   0.0 |   762
           D:6 |       0 |     937 |   0.0 |       0 |      38 |   0.0 |   613
           D:7 |       0 |    2187 |   0.0 |       0 |      54 |   0.0 |  1635
           D:8 |       0 |    1588 |   0.0 |       0 |      25 |   0.0 |   550
           D:9 |       0 |    4268 |   0.0 |       0 |      42 |   0.0 |  2587
          D:10 |       0 |   10567 |   0.0 |       0 |      78 |   0.0 |  3196
          D:11 |       0 |    3103 |   0.0 |       0 |      34 |   0.0 |   877
          D:12 |       0 |    7324 |   0.0 |       0 |      26 |   0.0 |  1352
          D:13 |       0 |    4170 |   0.0 |       0 |      18 |   0.0 |   855
          D:14 |       0 |   25005 |   0.0 |       0 |      29 |   0.0 |  2380
          D:15 |       0 |   11701 |   0.0 |       0 |      26 |   0.0 |  1696
        Lair:1 |       0 |    2321 |   0.0 |       0 |      11 |   0.0 |  1489
        Lair:2 |       0 |    4687 |   0.0 |       0 |      19 |   0.0 |  1333
        Lair:3 |       0 |    8485 |   0.0 |       0 |      19 |   0.0 |  2163
        Lair:4 |       0 |    6181 |   0.0 |       0 |      60 |   0.0 |  2007
        Lair:5 |       0 |    2583 |   0.0 |       0 |      11 |   0.0 |  2153
        Lair:6 |       0 |   30172 |   0.0 |       0 |      71 |   0.0 |  1741
       Swamp:1 |       0 |    5998 |   0.0 |       0 |      17 |   0.0 |  1133
       Swamp:2 |       0 |   19419 |   0.0 |       0 |      44 |   0.0 |  1449
       Swamp:3 |       0 |   19642 |   0.0 |       0 |      42 |   0.0 |  1607
       Swamp:4 |       0 |   30227 |   0.0 |       0 |      55 |   0.0 |  1636
      Spider:1 |       0 |   16901 |   0.0 |       0 |      48 |   0.0 |   809
      Spider:2 |       0 |   16671 |   0.0 |       0 |      42 |   0.0 |   806
      Spider:3 |       0 |   10418 |   0.0 |       0 |      23 |   0.0 |  1571
      Spider:4 |       0 |   50004 |   0.0 |       0 |     101 |   0.0 |  2397
       Slime:1 |       0 |    5959 |   0.0 |       0 |      14 |   0.0 |   397
       Slime:2 |       0 |    7153 |   0.0 |       0 |      16 |   0.0 |   246
       Slime:3 |       0 |   12441 |   0.0 |       0 |      15 |   0.0 |   218
       Slime:4 |       0 |   10803 |   0.0 |       0 |      24 |   0.0 |  1031
       Slime:5 |       0 |   48393 |   0.0 |       0 |      33 |   0.0 |  1431
         Orc:1 |       0 |    5447 |   0.0 |       0 |      19 |   0.0 |  1302
         Orc:2 |       0 |   13359 |   0.0 |       0 |      54 |   0.0 |  1052
         Elf:1 |       0 |   33660 |   0.0 |       0 |      70 |   0.0 |  1382
         Elf:2 |       0 |   28937 |   0.0 |       0 |      44 |   0.0 |   857
         Elf:3 |       0 |   53785 |   0.0 |       0 |      43 |   0.0 |  2348
      Vaults:1 |       0 |   57089 |   0.0 |       0 |     105 |   0.0 |  2633
      Vaults:2 |       0 |   86668 |   0.0 |       0 |     127 |   0.0 |  2610
      Vaults:3 |       0 |   30130 |   0.0 |       0 |      52 |   0.0 |  1605
      Vaults:4 |       0 |   42408 |   0.0 |       0 |      59 |   0.0 |  1661
       Crypt:1 |       0 |   25679 |   0.0 |       0 |      46 |   0.0 |  1191
       Crypt:2 |       0 |   32356 |   0.0 |       0 |      35 |   0.0 |  1475
       Crypt:3 |       0 |   52015 |   0.0 |       0 |      71 |   0.0 |  2727
      Depths:1 |       0 |   65860 |   0.0 |       0 |      78 |   0.0 |  1258
      Depths:2 |       0 |   44620 |   0.0 |       0 |      55 |   0.0 |  1709
      Depths:3 |       0 |   46219 |   0.0 |       0 |      51 |   0.0 |  1430
      Depths:4 |       0 |   69032 |   0.0 |       0 |      70 |   0.0 |  1690
      Depths:5 |       0 |   80773 |   0.0 |       0 |      68 |   0.0 |  1387
         Zot:1 |       0 |   71461 |   0.0 |       0 |      49 |   0.0 |  1720
         Zot:2 |       0 |   62064 |   0.0 |       0 |      31 |   0.0 |  1431
         Zot:3 |       0 |   49981 |   0.0 |       0 |      22 |   0.0 |   971
         Zot:4 |       0 |   21461 |   0.0 |       0 |      10 |   0.0 |   589
         Zot:5 |       0 |  145611 |   0.0 |       0 |      49 |   0.0 |  3927
           Lab |       0 |    1208 |   0.0 |       0 |       1 |   0.0 |  4197
       Ossuary |       0 |     152 |   0.0 |       0 |      16 |   0.0 |   904
        Bailey |       0 |    2066 |   0.0 |       0 |      26 |   0.0 |   872
        WizLab |       0 |   19481 |   0.0 |       0 |      35 |   0.0 |   667
               +---------+---------+-------+---------+---------+-------+---------
